 Dungeon Crawl Stone Soup version 0.28-a0-991-g956f0ee3d5 (webtiles) character file.

Game seed: 3262331262155272814

15344 Gwenloh the Merchant of Misery (level 12, -6/93 HPs)
             Began as a Vampire Necromancer on Dec 3, 2021.
             Was a Believer of Kikubaaqudgha.
             Mangled by a fire bat (7 damage)
             ... on level 2 of the Lair of Beasts on Dec 4, 2021.
             The game lasted 01:17:38 (17557 turns).

Gwenloh the Merchant of Misery (VpNe)              Turns: 17557, Time: 01:17:40

Health: -6/93      AC:  8    Str:  7    XL:     12   Next: 0%
Magic:  33/33      EV: 12    Int: 22    God:    Kikubaaqudgha [**....]
Gold:   861        SH:  0    Dex: 15    Spells: 12/28 levels left

rFire   . . .      SeeInvis +   A - +4 dagger (venom)
rCold   . . .      Faith    .   (no shield)
rNeg    . . .      Spirit   .   p - +2 robe {Archmagi}
rPois   .          Reflect  .   N - +0 hat {Will+}
rElec   .          Harm     .   H - +2 cloak
rCorr   .          Rampage  .   (no gloves)
Will    ++...      Archmagi +   L - +0 pair of boots
Stlth   ++++......              o - amulet of regeneration
HPRegen 1.25/turn               b - ring of magical power
MPRegen 0.23/turn               (no ring)

@: about to teleport, marked, healing quickly, studying 2 skills
A: alive, fangs 3, see invisible, vampiric 2
a: Exsanguinate, Renounce Religion, Receive Corpses


You were on level 2 of the Lair of Beasts.
You worshipped Kikubaaqudgha.
Kikubaaqudgha was pleased with you.
You visited 3 branches of the dungeon, and saw 14 of its levels.
You also visited: Bailey.

You collected 861 gold pieces.

Inventory:

Hand Weapons
 f - a +0 dagger
 q - the +5 war axe of the Five Ghosts {vorpal, rF+}
   (You found it on level 4 of the Dungeon)

   It inflicts extra damage upon your enemies.
   rF:        It protects you from fire.
 A - a +4 dagger of venom (weapon)
Missiles
 c - 6 javelins
 y - 2 throwing nets
Armour
 p - a +2 robe of the Archmagi (worn)
 r - a +0 helmet
 x - +0 steam dragon scales
 E - a +0 troll leather armour
 H - a +2 cloak (worn)
 L - a +0 pair of boots (worn)
 N - a +0 hat of willpower (worn)
Jewellery
 b - a ring of magical power (left hand)
 o - an amulet of regeneration (around neck)
 s - a ring of ice
 B - an amulet of guardian spirit
Wands
 e - a wand of iceblast (3)
 l - a wand of flame (10)
 w - a wand of paralysis (7)
 z - a wand of charming (10)
 F - a wand of acid (5)
 G - a wand of polymorph (5)
Scrolls
 d - 4 scrolls of fog
 g - 2 scrolls of amnesia
 h - 8 scrolls of enchant weapon
 i - 2 scrolls of immolation
 j - a scroll of enchant armour
 u - 5 scrolls of fear
 v - a scroll of teleportation
 J - a scroll of holy word
 K - a scroll of identify
Potions
 a - 3 potions of ambrosia {unknown}
 k - 3 potions of flight {unknown}
 m - 4 potions of haste
 n - a potion of might {unknown}
 t - a potion of mutation {unknown}
 C - 4 potions of curing
 D - 3 potions of brilliance {unknown}
 I - a potion of lignification {unknown}
 M - 2 potions of berserk rage {unknown}


   Skills:
 + Level 8.3 Fighting
 + Level 4.8 Armour
 - Level 2.1 Dodging
 - Level 10.0 Stealth
 + Level 8.7 Spellcasting
 * Level 14.6 Necromancy
 - Level 5.0 Evocations


You had 12 spell levels left.
You knew the following spells:

 Your Spells              Type           Power      Damage    Failure   Level
a - Pain                  Necr           100%       1d9       0%          1
b - Vampiric Draining     Necr           84%        2d12      1%          3
c - Agony                 Necr           84%        N/A       1%          5
d - Animate Dead          Necr           42%        N/A       1%          4
e - Animate Skeleton      Necr           100%       N/A       0%          1
f - Sublimation of Blood  Necr           84%        N/A       1%          2

Your spell library contained the following spells:

 Spells                   Type           Power      Damage    Failure   Level
 Foxfire                  Conj/Fire      56%        2x1d6     7%          1
 Magic Dart               Conj           56%        1d5       7%          1
 Summon Small Mammal      Summ           56%        N/A       7%          1
 Call Imp                 Summ           14%        N/A       11%         2
 Call Canine Familiar     Summ           14%        N/A       21%         3
 Conjure Flame            Conj/Fire      14%        6-21      21%         3
 Inner Flame              Hex/Fire       14%        N/A       21%         3
 Mephitic Cloud           Conj/Pois/Air  14%        N/A       21%         3
 Stone Arrow              Conj/Erth      28%        3d8       21%         3
 Summon Guardian Golem    Hex/Summ       14%        N/A       21%         3
 Animate Armour           Summ/Erth      28%        N/A       56%         4
 Cause Fear               Hex            7%         N/A       56%         4
 Flame Wave               Conj/Fire      14%        2d5       56%         4
 Discord                  Hex            7%         N/A       100%        8
 Lehudib's Crystal Spear  Conj/Erth      7%         10d3      100%        8


Dungeon Overview and Level Annotations

Branches:
Dungeon (11/15)            Temple (1/1) D:4            Lair (2/6) D:11
 Shoals (0/4) Lair:2          Orc (0/2) D:11         Bailey (visited)
  Snake: Lair:2-4    Spider: Lair:2-4

Altars:
Ashenzari
Cheibriados
Dithmenos
Elyvilon
Fedhas
Gozag
Hepliaklqana
Kikubaaqudgha
Makhleb
Nemelex Xobeh
Okawaru
Qazlal
Ru
Sif Muna
Trog
Uskayaw
Vehumet
Wu Jian
Xom
Yredelemnul
Zin
The Shining One

Annotations:
D:4 Grinder, Menkaure
D:8 3 runed translucent doors, dolan1234's ghost, novice DjFE; gruber's ghost, novice KoBe; qborf's ghost, novice PaFi


Innate Abilities, Weirdness & Mutations

Your natural rate of healing is accelerated.
You have razor-sharp teeth.
You have supernaturally acute eyesight. (SInv)
You are afflicted with vampirism and can become a bat while bloodless.


Message History

The fire bat barely misses you. The fire bat bites you.
You are engulfed in flames.
* * * LOW HITPOINT WARNING * * *
The fire bat misses you.
The fire bat bites you but does no damage.
The fire bat misses you.
The fire bat bites you but does no damage. x2
The fire bat closely misses you.
The fire bat bites you but does no damage.
As you read the scroll of fear, it crumbles to dust.
You assume a fearsome visage.
The bullfrog looks frightened!
The fire bat looks frightened! x6
A black mamba comes into view.
A black mamba comes into view.
A blink frog comes into view.
As you read the scroll of teleportation, it crumbles to dust.
You feel strangely unstable. The fire bat misses you.
The fire bat closely misses you.
A blink frog comes into view.
The blink frog blinks!
The fire bat misses you.
A blink frog comes into view.
The black mamba closely misses you.
A yak comes into view.
A yak comes into view.
The fire bat closely misses you. The fire bat barely misses you.
A yak comes into view.
A yak comes into view.
The fire bat bites you.
You are engulfed in flames.
* * * LOW HITPOINT WARNING * * *
The fire bat bites you.
* * * LOW HITPOINT WARNING * * *
You are engulfed in flames!
* * * LOW HITPOINT WARNING * * *
The black mamba bites you!
* * * LOW HITPOINT WARNING * * *
The fire bat bites you.
* * * LOW HITPOINT WARNING * * *
You are engulfed in flames!
You die...
Kikubaaqudgha rasps: "You have failed me!
Welcome... death!"

....#########...###......P.......
....## ##..####..##..#.......
.....# #.....##..#...#..#..#.
.....### ##...........Y.#.#P..#
.......# #..#.....Y......##.#.
......## ##..#.......Y....#P...
.....## #........Y#P#.........
.....########..#...P.####........
#....#..P...#..#@S.P.............
#...###........bbS.....F.≈≈≈≈≈≈≈≈
..........P.##.#.........≈≈##≈≈≈≈
P...###...#.##.#.........§≈≈##≈≈≈
#...##....###.........F..≈≈≈§ ≈§b
#....##...###............≈≈§≈
#.P.P#P...#....#........§....
....>...............F...#...[
.............................


You could see 2 black mambas, 3 yaks, 3 blink frogs and 2 fire bats.

Vanquished Creatures
  Gastronok (Lair:1)
  A two-headed ogre (D:9)
  2 cyclopes (D:11)
  A manticore (D:11)
  3 cane toads (Lair:1)
  3 rime drakes
  An unseen horror (D:11)
  A komodo dragon (Lair:2)
  3 trolls
  Sigmund (D:4)
  3 wyverns
  17 yaks
  A vampire mosquito (D:11)
  A basilisk (D:11)
  2 steam dragons
  3 water moccasins
  12 orc warriors
  2 hornet zombies
  2 ice beasts
  A sky beast (D:6)
  2 black bears
  A necrophage (D:8)
  An ogre (D:5)
  5 centaurs
  A kobold brigand (D:7)
  A gnoll sergeant (D:5)
  6 bullfrogs
  A wyvern skeleton (D:5)
  A water moccasin skeleton (D:4)
  9 killer bees
  4 howler monkeys
  2 centaur zombies
  A hound (D:6)
  A jelly (D:8)
  2 gnoll shamans (D:7)
  2 orc priests
  11 orc wizards
  A howler monkey zombie (D:9)
  11 gnolls
  9 adders
  A howler monkey skeleton (D:7)
  4 worms
  46 orcs
  6 ball pythons
  5 bats
  7 endoplasms
  3 giant cockroaches
  8 goblins
  7 hobgoblins
  4 jackals (D:4)
  5 kobolds
  5 quokkas
  A frilled lizard (D:2)
  5 rats
240 creatures vanquished.

Vanquished Creatures (collateral kills)
  A hydra (Lair:1)
  A centaur zombie (D:10)
  2 yaks (D:8)
  A vampire mosquito (D:11)
  A necrophage (D:6)
  A phantom (D:7)
  An orc priest (D:9)
  A centaur skeleton (D:7)
  A gnoll (D:5)
  A howler monkey skeleton (D:5)
  A shadow imp (D:7)
  2 orcs
  2 goblins (D:9)
16 creatures vanquished.

Vanquished Creatures (others)
  A kobold (D:7)
  A fungus (Lair:2)
  4 withered plants (D:8)
6 creatures vanquished.

Grand Total: 262 creatures vanquished

Notes
Turn   | Place    | Note
-------+----------+-------------------------------------------
     0 | D:1      | Gwenloh the Vampire Necromancer began the quest for the
                  | Orb.
     0 | D:1      | Reached XP level 1. HP: 13/13 MP: 3/3
   301 | D:1      | Reached XP level 2. HP: 16/19 MP: 0/5
   303 | D:1      | Learned a level 1 spell: Animate Skeleton
  1104 | D:2      | Reached skill level 5 in Necromancy
  1104 | D:2      | Gained mutation: You are afflicted with vampirism and can
                  | become a bat while bloodless. [Vampire growth]
  1104 | D:2      | Reached XP level 3. HP: 9/24 MP: 2/6
  1110 | D:2      | Learned a level 3 spell: Vampiric Draining
  1142 | D:1      | HP: 1/24 [poisoned by an adder]
  1883 | D:2      | Reached XP level 4. HP: 25/30 MP: 0/7
  3664 | D:4      | Reached XP level 5. HP: 34/35 MP: 9/9
  3669 | D:3      | Reached skill level 5 in Stealth
  3669 | D:3      | Reached skill level 6 in Necromancy
  3675 | D:3      | Learned a level 4 spell: Animate Dead
  3818 | D:4      | Noticed Menkaure
  3875 | D:4      | Noticed Sigmund
  3972 | D:4      | Killed Sigmund
  3973 | D:4      | Reached XP level 6. HP: 38/41 MP: 5/11
  4177 | D:4      | Reached skill level 7 in Necromancy
  4342 | D:4      | Noticed Grinder
  4431 | D:4      | Identified the +5 war axe of the Five Ghosts {vorpal, rF+}
  4440 | D:5      | Entered Level 5 of the Dungeon
  4740 | D:4      | Found a staircase to the Ecumenical Temple.
  4749 | Temple   | Entered the Ecumenical Temple
  4988 | Temple   | Became a worshipper of Kikubaaqudgha
  5864 | D:5      | Reached XP level 7. HP: 34/46 MP: 10/12
  6437 | D:5      | Noticed a wyvern
  6441 | D:5      | Killed a wyvern
  6654 | D:5      | Reached skill level 8 in Necromancy
  6834 | D:6      | Reached XP level 8. HP: 36/52 MP: 14/14
  7178 | D:6      | Learned a level 5 spell: Agony
  7440 | D:6      | Reached skill level 9 in Necromancy
  7608 | D:6      | Reached skill level 5 in Spellcasting
  8353 | D:7      | Reached skill level 10 in Necromancy
  8494 | D:7      | Reached XP level 9. HP: 47/57 MP: 16/17
  8963 | D:7      | Reached * piety under Kikubaaqudgha
  8963 | D:7      | Received a gift from Kikubaaqudgha
  9199 | D:7      | Reached skill level 1 in Fighting
  9502 | D:7      | Reached skill level 10 in Stealth
  9502 | D:7      | Reached skill level 1 in Evocations
 10084 | D:8      | Found a snail-covered altar of Cheibriados.
 10385 | D:8      | Reached skill level 11 in Necromancy
 10500 | D:8      | Paralysed by an orc warrior for 5 turns
 10979 | D:8      | Found a runed translucent gate.
 10979 | D:8      | Found a runed translucent gate.
 10980 | D:8      | Found a runed translucent gate.
 10981 | D:8      | Noticed qborf's ghost (novice PaFi)
 10981 | D:8      | Noticed gruber's ghost (novice KoBe)
 10982 | D:8      | Noticed dolan1234's ghost (novice DjFE)
 11415 | D:9      | Found a flagged portal.
 11420 | D:9      | Reached XP level 10. HP: 70/70 MP: 14/19
 11512 | Bailey   | Entered a bailey
 11785 | Bailey   | HP: 2/70 [orc warrior (6)]
 12088 | Bailey   | Reached ** piety under Kikubaaqudgha
 12574 | Bailey   | Reached skill level 12 in Necromancy
 12999 | D:9      | Noticed a two-headed ogre
 13008 | D:9      | Killed a two-headed ogre
 13430 | D:9      | Reached skill level 5 in Fighting
 13679 | D:9      | Upgraded the game from 0.28-a0-984-g3775c662fe to
                  | 0.28-a0-991-g956f0ee3d5
 13718 | D:10     | Entered Level 10 of the Dungeon
 14866 | D:11     | Noticed a cyclops
 14873 | D:11     | Killed a cyclops
 14874 | D:11     | Reached skill level 13 in Necromancy
 14958 | D:11     | Found a staircase to the Orcish Mines.
 14967 | D:11     | Noticed a manticore
 14971 | D:11     | Killed a manticore
 14972 | D:11     | Reached XP level 11. HP: 75/81 MP: 22/22
 15077 | D:11     | Found a staircase to the Lair.
 15184 | D:11     | Reached skill level 5 in Evocations
 15471 | D:11     | Reached skill level 1 in Armour
 16227 | Lair:1   | Entered Level 1 of the Lair of Beasts
 16300 | Lair:1   | Reached skill level 14 in Necromancy
 16524 | Lair:1   | Noticed Gastronok
 16557 | Lair:1   | Killed Gastronok
 16905 | Lair:1   | Noticed a five-headed hydra
 16910 | Lair:1   | Killed a five-headed hydra
 17269 | Lair:1   | Learned a level 2 spell: Sublimation of Blood
 17341 | Lair:2   | Found a staircase to the Shoals.
 17458 | Lair:2   | Reached XP level 12. HP: 93/93 MP: 24/24
 17557 | Lair:2   | HP: 3/93 [black mamba (13)]
 17557 | Lair:2   | HP: 1/93 [fire bat (2)]
 17557 | Lair:2   | Mangled by a fire bat

Illustrated notes

Levels and vault maps discovered:
D:1:      eino_arrival_druids_welcome, layout_loops_ring, corner_web_ring
D:2:      layout_loops_cross, lightli_corner_chamber
D:3:      layout_basic
D:4:      layout_cave_pools, minmay_temple_entry_nine_rooms,
          kennysheep_small_square, uniq_grinder, uniq_menkaure, uniq_sigmund
D:5:      layout_gridville
D:6:      layout_loops_corners
D:7:      layout_basic
D:8:      layout_loops_cross, mainiacjoe_overflow_alcove_1,
          gammafunk_ghost_cemetery
D:9:      layout_roguey, enter_bailey_5
D:10:     layout_cave_pods
D:11:     layout_roguey, david_lair_generic, orc_0_dummy, minmay_misc_feat_tiny
Temple:   mainiacjoe_temple_starburst
Lair:1:   layout_chaotic_city, uniq_gastronok
Lair:2:   layout_gridlike, shoals_dummy_entry

Skill      XL: |  1  2  3  4  5  6  7  8  9 10 11 |
---------------+----------------------------------+-----
Necromancy     | 5 6 7 8 10 11 13 14 | 14.6
Stealth        | 4 5 6 7 9 10 | 10.0
Spellcasting   | 3 4 5 6 7 8 |  8.7
Fighting       | 3 5 8 |  8.3
Evocations     | 3 4 5 |  5.0
Armour         | 4 |  4.8
Dodging        | |  2.1

Action                   |  1- 3 |  4- 6 |  7- 9 | 10-12 || total
-------------------------+-------+-------+-------+-------++-------
Melee: Unarmed           |    13 |       |       |       ||    13
       Bite              |     2 |     3 |    13 |    24 ||    42
       Dagger            |       |    38 |    30 |   208 ||   276
       War axe           |       |       |    89 |       ||    89
Throw: Javelin           |       |       |       |     4 ||     4
 Cast: Pain              |    59 |   104 |    85 |   107 ||   355
       Vampiric Draining |       |    12 |    44 |    72 ||   128
       Animate Skeleton  |       |     7 |       |       ||     7
       Animate Dead      |       |     1 |    19 |     9 ||    29
       Agony             |       |       |    10 |    28 ||    38
Invok: Receive Corpses   |       |       |     4 |     3 ||     7
Evoke: Wand              |       |       |    12 |     7 ||    19
  Use: Scroll            |       |       |    11 |     6 ||    17
       Potion            |       |       |     1 |     2 ||     3
 Stab: Sleeping          |       |     2 |     3 |    12 ||    17
       Distracted        |       |       |     1 |     2 ||     3
Armor: Robe              |     1 |     9 |    48 |    90 ||   148
Dodge: Dodged            |    14 |    41 |   131 |   222 ||   408

Table legend: (Time is in decaauts)
 A = Elapsed time spent in this place.
 B = Non-inter-level travel time spent in this place.
 C = Inter-level travel time spent in this place.
 D = Time resting spent in this place.
 E = Time spent auto-exploring this place.
 F = Levels seen in this place.
 G = Mean time per level.
                   A        B        C        D        E       F      G
               +--------+--------+--------+--------+--------+-----+--------+
         Total |  17616 |  16968 |    648 |   3353 |   9805 |  15 | 1174.4 |
       Dungeon |  14322 |  13750 |    572 |   2188 |   8507 |  11 | 1302.0 |
        Temple |    537 |    490 |     47 |      0 |    471 |   1 |  537.0 |
          Lair |   1330 |   1301 |     29 |    317 |    778 |   2 |  665.0 |
        Bailey |   1424 |   1424 |      0 |    848 |     49 |   1 | 1424.0 |
               +--------+--------+--------+--------+--------+-----+--------+

Top non-repeatable levels by time:
     D:7: 1715 daAuts
     D:3: 1646 daAuts
     D:6: 1523 daAuts
     D:5: 1468 daAuts
  Bailey: 1424 daAuts
     D:8: 1391 daAuts
    D:11: 1381 daAuts
     D:1: 1163 daAuts
    D:10: 1128 daAuts
     D:2: 1107 daAuts
  Lair:1: 1041 daAuts
     D:4: 917 daAuts
     D:9: 879 daAuts
  Temple: 537 daAuts
  Lair:2: 289 daAuts
